 Dungeon Crawl Stone Soup version 0.27-a0-409-gd57800a693 (webtiles) character file.

Game seed: 18379254637263689151

35 CryoSword the Cruncher (level 3, -1/28 HPs)
             Began as a Gnoll Wanderer on Feb 23, 2021.
             Slain by a gnoll
             ... wielding a +0 spear
              (8 damage)
             ... on level 2 of the Dungeon.
             The game lasted 00:01:41 (956 turns).

CryoSword the Cruncher (Gnoll Wanderer)              Turns: 956, Time: 00:01:42

Health: -1/28      AC:  3    Str: 12    XL:     3   Next: 35%
Magic:  2/4        EV: 11    Int: 10    God:
Gold:   14         SH:  0    Dex: 18    Spells: 3/3 levels left

rFire    . . .     SeeInvis .   b - +0 quarterstaff
rCold    . . .     Faith    .   (shield currently unavailable)
rNeg     . . .     Spirit   .   e - +0 robe
rPois    .         Reflect  .   (no helmet)
rElec    .         Harm     .   (no cloak)
rCorr    .         Rampage  .   k - +0 pair of gloves
Will     .....                  (no boots)
Stlth    +++.......             (no amulet)
HPRegen  0.09/turn              f - +6 ring of dexterity
MPRegen  0.09/turn              (no ring)

@: no status effects
A: distributed training, fangs 1, strong nose
a: no special abilities


You were on level 2 of the Dungeon.
You visited 1 branch of the dungeon, and saw 2 of its levels.

You collected 14 gold pieces.

Inventory:

Hand Weapons
 a - a +2 dagger
 b - a +0 quarterstaff (weapon)
Missiles
 g - a throwing net (quivered)
Armour
 e - a +0 robe (worn)
 k - a +0 pair of gloves (worn)
   (You found it on level 2 of the Dungeon)
Jewellery
 f - a +6 ring of dexterity (left hand)
   (You found it on level 1 of the Dungeon)
Scrolls
 h - a scroll of identify {unknown}
Potions
 c - 2 potions of curing {unknown}
 d - a potion of heal wounds {@q2}
 i - a potion of lignification {unknown}
 j - a potion of berserk rage {unknown}


   Skills:
 + Level 2.6 Fighting
 + Level 0.7 Short Blades
 + Level 0.7 Long Blades
 + Level 0.7 Axes
 + Level 0.7 Maces & Flails
 + Level 2.6 Polearms
 + Level 8.5 Staves
 + Level 0.7 Slings
 + Level 0.7 Bows
 + Level 0.7 Crossbows
 + Level 0.7 Throwing
 + Level 0.7 Armour
 + Level 0.7 Dodging
 + Level 6.0 Stealth
 + Level 2.6 Shields
 + Level 0.7 Unarmed Combat
 + Level 0.7 Spellcasting
 + Level 0.5 Conjurations
 + Level 0.5 Hexes
 + Level 0.5 Summonings
 + Level 0.5 Necromancy
 + Level 0.5 Translocations
 + Level 0.5 Transmutations
 + Level 0.5 Fire Magic
 + Level 0.5 Ice Magic
 + Level 0.5 Air Magic
 + Level 0.5 Earth Magic
 + Level 0.5 Poison Magic
 + Level 0.9 Invocations
 + Level 0.7 Evocations


You had 3 spell levels left.
You didn't know any spells.
Your spell library was empty.

Dungeon Overview and Level Annotations

Branches:
Dungeon (2/15)

Altars:


Innate Abilities, Weirdness & Mutations

Your experience applies equally to all skills.
You have very sharp teeth.
Your uncanny sense of smell can sniff out nearby items.


Message History

You miss the goblin. The goblin closely misses you.
You hit the goblin. The goblin closely misses you.
You hit the goblin.
You kill the goblin!
You see here a goblin corpse.
There is an open door here.
Could not explore, unopened door.
You open the door.
There is an open door here.
Could not explore, unopened door.
You open the door.
Found an orange potion.
There is an open door here.
j - an orange potion You don't know any spells.
Unknown command.
Your library has no spells.
Unknown command.
As you read the scroll labelled ZAZERELLUA, it crumbles to dust.
You feel strangely unstable.
It was a scroll of teleportation.
You drop a +0 falchion.
Adjust to which letter? (? for menu, Esc to quit)
b - a +0 quarterstaff;
d - a potion of heal wounds {@q2} Your surroundings suddenly seem different.
You open the door.
A kobold comes into view. It is wielding a +0 dagger.
The kobold shouts!
A kobold is nearby!
A kobold is nearby!
The kobold hits you with a +0 dagger.
There is an open door here.
You closely miss the kobold. The kobold hits you with a +0 dagger.
b - a +0 quarterstaff (weapon)
You sock the kobold!
You kill the kobold!
No target in view!
No target in view!
You see here a +0 dagger.
As you open the door, it creaks loudly!
There is an open door here.
A kobold comes into view.
a - a +2 dagger (weapon)
b - a +0 quarterstaff (weapon)
You strike the helpless kobold from behind!
You hit the kobold but do no damage. The kobold barely misses you.
You sock the kobold!
You kill the kobold!
No target in view!
No target in view!
You now have 14 gold pieces.
Things that are here:
4 stones; a kobold corpse A rat comes into view.
A rat is nearby!
A rat is nearby!
The rat bites you.
You hit the rat but do no damage. You closely miss the rat.
The rat closely misses you.
You hit the rat.
You kill the rat!
No target in view!
No target in view!
No target in view!
No target in view!
A goblin comes into view.
A goblin is nearby!
A goblin is nearby!
A goblin is nearby!
The goblin shouts!
The goblin barely misses you.
You barely miss the goblin. Your bite misses the goblin. The goblin hits you.
You hit the goblin.
You kill the goblin!
No target in view!
c - 2 emerald potions
a - a +2 dagger (weapon)
No target in view!
There is an open door here.
There is an open door here.
You see here a dagger.
Could not explore, unopened door.
Could not explore, unopened door.
You open the door.
There is an open door here.
A hobgoblin comes into view.
A hobgoblin is nearby!
A hobgoblin is nearby!
The helpless hobgoblin fails to defend itself.
You impale the hobgoblin!!
You kill the hobgoblin!
No target in view!
No target in view!
You see here a hobgoblin corpse.
Found 10 arrows.
You see here 10 arrows.
Done exploring.
Done exploring.
Done exploring.
There is a stone staircase leading down here.
You climb downwards.
There is a stone staircase leading up here.
A bat comes into view.
A bat is nearby!
A bat is nearby!
The helpless bat fails to defend itself.
You impale the bat!!
You kill the bat!
No target in view!
h - a scroll labelled FARAKHLE AGOI
Found a pair of gloves.
You see here a pair of gloves.
An adder comes into view.
You see here a pair of gloves.
k - a pair of gloves You start putting on your armour.
You continue putting on your pair of gloves. x4
You finish putting on your +0 pair of gloves.
No target in view!
No target in view!
The adder hisses angrily.
A worm comes into view.
b - a +0 quarterstaff (weapon)
A gnoll comes into view. It is wielding a +0 spear.
The gnoll shouts!
You sock the adder!
You hear a shout! x2
The adder bites you but does no damage.
You hit the adder. The adder closely misses you.
You completely miss the adder. The adder barely misses you.
You hit the adder.
You kill the adder!
Your Stealth skill increases to level 6!
You have reached level 3!
Your experience leads to an increase in your attributes!
Your base attributes are Str 12, Int 9, Dex 12.
Increase (S)trength, (I)ntelligence, or (D)exterity?
You feel clever.
You thump the worm! You bite the worm, but do no damage. You sock the worm!
You kill the worm!
The gnoll hits you but does no damage. The gnoll hits you with a +0 spear.
You hit the gnoll but do no damage. The gnoll hits you with a +0 spear!
* * * LOW HITPOINT WARNING * * *
You hit the gnoll. The gnoll hits you with a +0 spear.
* * * LOW HITPOINT WARNING * * *
You sock the gnoll! The gnoll closely misses you.
You closely miss the gnoll. The gnoll hits you with a +0 spear!
You die...

########...##.###.##
#..........#.##
##.## #.######....##
##.# #.# #####.#
##.## #.# #.###.##
..# #.#.## ### #..#
##.# #@# #g# #.# #.#
... ... #.. ....


You could see a gnoll.

Vanquished Creatures
  An adder (D:2)
  A worm (D:2)
  2 leopard geckos (D:1)
  3 goblins (D:1)
  5 hobgoblins (D:1)
  3 kobolds (D:1)
  2 bats
  2 rats (D:1)
19 creatures vanquished.

Notes
Turn   | Place    | Note
-------+----------+-------------------------------------------
     0 | D:1      | CryoSword the Gnoll Wanderer began the quest for the Orb.
     0 | D:1      | CryoSword set off with the following items: a +2 dagger, a
                  | potion of heal wounds {@q2}, a +0 falchion, a +0
                  | quarterstaff, a +0 robe
     0 | D:1      | Reached XP level 1. HP: 17/17 MP: 1/1
   301 | D:1      | Reached XP level 2. HP: 23/23 MP: 2/2
   946 | D:2      | Reached XP level 3. HP: 28/28 MP: 2/4
   956 | D:2      | Slain by a gnoll

Illustrated notes

Levels and vault maps discovered:
D:1:      lemuel_arrival_tunnels, layout_basic
D:2:      layout_loops_cross, general_overflow_altar

Skill      XL: |  1  2 |
---------------+-------+-----
Stealth        | 6 |  6.0
Fighting       | |  2.6
Short Blades   | |  0.7
Long Blades    | |  0.7
Axes           | |  0.7
Maces & Flails | |  0.7
Polearms       | |  2.6
Staves         | |  8.5
Slings         | |  0.7
Bows           | |  0.7
Crossbows      | |  0.7
Throwing       | |  0.7
Armour         | |  0.7
Dodging        | |  0.7
Shields        | |  2.6
Unarmed Combat | |  0.7
Spellcasting   | |  0.7
Conjurations   | |  0.5
Hexes          | |  0.5
Summonings     | |  0.5
Necromancy     | |  0.5
Translocations | |  0.5
Transmutations | |  0.5
Fire Magic     | |  0.5
Ice Magic      | |  0.5
Air Magic      | |  0.5
Earth Magic    | |  0.5
Poison Magic   | |  0.5
Invocations    | |  0.9
Evocations     | |  0.7

Action                   || total
-------------------------++-------
Melee: Dagger            ||    28
       Bite              ||     2
       Quarterstaff      ||    18
  Use: Scroll            ||     1
 Stab: Sleeping          ||     8
       Distracted        ||     1
Armor: Robe              ||     3
Dodge: Dodged            ||    16

Table legend: (Time is in decaauts)
 A = Elapsed time spent in this place.
 B = Non-inter-level travel time spent in this place.
 C = Inter-level travel time spent in this place.
 D = Time resting spent in this place.
 E = Time spent auto-exploring this place.
 F = Levels seen in this place.
 G = Mean time per level.
                   A        B        C        D        E       F      G
               +--------+--------+--------+--------+--------+-----+--------+
         Total |    950 |    917 |     33 |    130 |    624 |   2 |  475.0 |
       Dungeon |    950 |    917 |     33 |    130 |    624 |   2 |  475.0 |
               +--------+--------+--------+--------+--------+-----+--------+

Top non-repeatable levels by time:
     D:1: 891 daAuts
     D:2: 59 daAuts
